Fleur, neutral female sylph Wizard ----------- |.........| --------- ------ |.........|## |.-..|..| +....+ |.........| # |.| .|.. |....| |........<-##### +.----|-----....----+--+----- | --- ------- ### |...............................| #####..-|-----+--.......--|---+--- | ###|.|..| |......{|.@G.| +.|..| |.......|.%@.| |.---- -.......|.._.| |. ...{....|....| |.- -------.------- |.+ +.| |.| |.+ |.| |.| |.- -.- |. . --- --- Fleur the Conjurer Experience level: 5 Strength: 11 Dexterity: 10 Constitution: 13 Intelligence: 19 Wisdom: 15 Charisma: 8 Health: 0(32) Energy: 63(63) Def: 0 Gold: 480 Moves: 1547 Dungeon seed: fO3Zg2pf5sLJRCer Game ID: Fleur_1463322854 Your Inventory: Coins $ - 480 gold pieces Weapons a - a blessed +1 quarterstaff (alternate weapon; not wielded) u - 5 +0 daggers (wielded) L - 4 +1 daggers Armor e - an uncursed +0 cloak of magic resistance r - a blessed +2 silver dragon scale mail y - a blessed fireproof +2 pair of speed boots z - an uncursed +0 orcish helm K - an uncursed +0 dwarvish iron helm Comestibles m - 4 uncursed food rations w - an uncursed figue x - an uncursed cram ration Scrolls i - a blessed scroll of identify j - a blessed scroll of charging o - an uncursed scroll of scare monster C - a blessed scroll of confuse monster Spellbooks b - a blessed spellbook of force bolt c - an uncursed spellbook of detect food Potions f - an uncursed potion of gain energy g - an uncursed potion of healing Rings p - an uncursed ring of see invisible Wands d - a wand of nothing (0:5) k - a wand of enlightenment (0:13) Tools t - a +0 pick-axe B - 5 uncursed tallow candles (0:200) G - 3 uncursed wax candles (0:400) I - 4 blessed tallow candles (0:200) Gems n - an uncursed worthless piece of yellowish brown glass q - 3 uncursed worthless pieces of white glass v - 2 uncursed worthless pieces of orange glass D - 6 uncursed flint stones F - an uncursed luckstone J - 2 uncursed worthless pieces of green glass N - 3 uncursed worthless pieces of yellow glass Y - an uncursed jet stone Spells and supernatural/magical abilities: Name Level Category Fail Memory a - force bolt 1 attack 0% 93% E - detect food 2 divination 47% 93% W - pray for help -- divine ? -- Your skills at the end: Miscellaneous Skills wands [Basic] Weapon Skills dagger [Basic] quarterstaff [Basic] Spellcasting Skills attack spells [Basic] enchantment spells [Basic] Final Attributes: You were devoutly aligned. You were stunned. You saw invisible. You had infravision. You were invisible to others. You were stealthy. You were protected from shape changers. You were lucky. You had extra luck. Bad luck did not time out for you. Good luck did not time out for you. You are dead. Vanquished creatures: a gnome king a soldier ant 2 gnome lords a gnomish wizard 4 dwarves 3 hobbits 5 giant rats 14 gnomes 7 jackals 2 kobolds a goblin a lichen 42 creatures vanquished. Voluntary challenges: You followed a strict vegan diet. You did not adorn yourself with jewelry or accessories. You used a wielded weapon 68 times, starting on turn 230. You did not apply a unicorn horn. You read items or engraved 6 times, starting on turn 225. You never genocided any monsters. You never polymorphed an object. You never changed form. You used 3 wishes, starting on turn 199. You did not wish for any artifacts. You never split a pudding. You wrote Elbereth's name 5 times, starting on turn 542. You never violated your personal moral code. Dungeon overview: The Dungeons of Doom: levels 1 to 5 Level 1 a fountain a long staircase Level 2 Level 3 a bookstore Level 4 stairs to The Gnomish Mines Level 5 The Gnomish Mines: levels 5 to 8 Level 5 stairs to The Dungeons of Doom Level 6 Level 7 Level 8 <- You were here a temple to Ptah, some fountains History has recorded: On T:1 you entered the Dungeons of Doom to retrieve the Amulet of Yendor! On T:192 you reached level 2 of The Dungeons of Doom. On T:199 you wished for "blessed +2 silver dragon scalemail". On T:212 you wished for "2 blessed scroll of charging". On T:220 you wished for "blessed fixed +2 boots of speed". On T:252 you advanced to experience level 2. On T:343 you reached level 3 of The Dungeons of Doom. On T:425 you reached level 4 of The Dungeons of Doom. On T:547 you reached level 5 of The Dungeons of Doom. On T:588 you reached level 1 of The Gnomish Mines. On T:606 you advanced to experience level 3. On T:679 you advanced to experience level 4. On T:989 you reached level 2 of The Gnomish Mines. On T:1093 you advanced to experience level 5. On T:1346 you reached level 3 of The Gnomish Mines. On T:1459 you reached level 4 of The Gnomish Mines. On T:1534 you entered the Minetown temple Score breakdown: Gold: 480 ( 48 points) Experience: 5 levels ( 400 points) Exploration: 8 levels ( 210 points) Discoveries: 9 items ( 450 points) Variety of kills: 12 monsters ( 600 points) Major goal: reached Minetown ( 500 points) Survival: died (score multiplied by 3) Total score: 6624 Latest messages: The invisible priest of Ptah gets angry! You stab the invisible priest of Ptah. Ptah's voice booms: "How darest thou harm my servant!" The invisible gnomish wizard is killed by the bolt of lightning! The bolt of lightning hits you! Your wand of wishing breaks apart and explodes! Your wand of sleep breaks apart and explodes! Your wand of striking breaks apart and explodes! Your jade ring turns to dust and vanishes! You die... Final status: Goodbye Fleur the Wizard, killed by a bolt of lightning... You died in The Gnomish Mines on dungeon level 8 with 6624 points, and 480 pieces of gold, after 1547 moves. You were level 5 with a maximum of 32 hit points when you died.